Cogmind - Beta 15 @@@ ROGUE MODE // 2025.09.30 @ 18:43:47 Player: Figgis Result: Self-destructed Performance ------------- Evolutions (1) 500 Regions Visited (5) 1000 Robots Destroyed (40) 200 Value Destroyed (986) 986 Prototype IDs (3) 60 Alien Tech Used (0) 0 Bonus (66) 66 TOTAL SCORE: 2812 Bonus ------- Follower Combat Kills 66 Cogmind --------- Core Integrity 276/400 Matter 294/300 Energy 54/280 System Corruption 1% Temperature Cool (0) Movement Walking (190) Ox1 Location -9/Exiles Parts ------- > --- POWER (1) -------- Heavy Ion Engine > --- PROPULSION (2) --- Improved Aluminum Leg Improved Aluminum Leg > --- UTILITY (4) ------ Large Storage Unit Improved Targeting Computer Shield Generator > --- WEAPON (2) ------- Minigun Rocket Launcher > --- INVENTORY (15) --- Heavy Ion Engine Nuclear Core Nuclear Core Aluminum Leg Improved Aluminum Leg Improved Aluminum Leg Improved Aluminum Leg Medium Matter Pod (49) Shield Generator Minigun Assault Cannon Assault Cannon Assault Cannon Assault Cannon Scythe Peak State ------------ > --- POWER ------------ Heavy Ion Engine > --- PROPULSION ------- Improved Aluminum Leg Improved Aluminum Leg > --- UTILITY ---------- Large Storage Unit Improved Targeting Computer Light Armor Plating Shield Generator > --- WEAPON ----------- Minigun Minigun > --- INVENTORY -------- Heavy Ion Engine Heavy Ion Engine Nuclear Core Nuclear Core Aluminum Leg Aluminum Leg Aluminum Leg Aluminum Leg Shield Generator Assault Cannon Assault Cannon Assault Cannon Assault Cannon Rocket Launcher Scythe [Rating: 22] Favorites ----------- Power Heavy Ion Engine Engine Heavy Ion Engine Propulsion Aluminum Leg Leg Aluminum Leg Utility Large Storage Unit Device Shield Generator Storage Large Storage Unit Processor Improved Targeting Computer Protection Light Armor Plating Weapon Minigun Ballistic Gun Minigun Launcher Rocket Launcher Build | -11 -10 -10 -9 -9 -9 ------- Run | Yrd Mat Min Mat Min Exi Slots Evolved 2 | . . . 2 . . Power . | . . . . . . Propulsion . | . . . . . . Utility 2 | . . . 2 . . Weapon . | . . . . . . Parts Attached 34 | 4 8 6 14 1 1 Power 6 | . 3 1 1 . 1 Engine 6 | . 3 1 1 . 1 Core . | . . . . . . Reactor . | . . . . . . Propulsion 13 | 1 3 4 5 . . Treads . | . . . . . . Leg 13 | 1 3 4 5 . . Wheel . | . . . . . . Hover . | . . . . . . Flight . | . . . . . . Utility 8 | 1 2 . 5 . . Device 2 | 1 . . 1 . . Storage 2 | . 2 . . . . Processor 1 | . . . 1 . . Hackware . | . . . . . . Protection 3 | . . . 3 . . Artifact . | . . . . . . Weapon 7 | 2 . 1 3 1 . Energy Gun . | . . . . . . Energy Cannon . | . . . . . . Ballistic Gun 6 | 2 . 1 3 . . Ballistic Cannon . | . . . . . . Launcher 1 | . . . . 1 . Special Weapon . | . . . . . . Impact Weapon . | . . . . . . Slashing Weapon . | . . . . . . Piercing Weapon . | . . . . . . Special Melee Weapon . | . . . . . . Unidentified Prototypes 1 | . 1 . . . . Parts Lost 4 | . . 3 . . 1 Power . | . . . . . . Propulsion 1 | . . 1 . . . Utility 2 | . . 1 . . 1 Weapon 1 | . . 1 . . . Highest Loss Streak 1 | . . 1 . . 1 To Critical Strikes . | . . . . . . Average Backups 13 | 3 8 12 14 15 14 Power 3 | 1 2 3 4 4 3 Propulsion 3 | . 2 4 4 4 4 Utility 1 | . . 1 1 1 1 Weapon 4 | . 2 2 4 6 6 Tool/Special . | . . . . . . Unused Backups 33 | . 3 1 13 . 16 Power 10 | . 1 . 3 . 6 Propulsion 8 | . 1 . 4 . 3 Utility 3 | . . . 1 . 2 Weapon 11 | . 1 1 4 . 5 Tool/Special 1 | . . . 1 . . Average Slot Usage (%) 95 | . 98 86 96 100 100 Engine 12 | . 13 14 11 11 11 Leg 24 | . 27 27 22 22 22 Device 6 | . 14 1 4 11 11 Storage 12 | . 13 14 11 11 11 Processor 5 | . . . 8 11 11 Protection 9 | . . . 16 11 11 Ballistic Gun 23 | . 28 27 22 12 11 Launcher 1 | . . . . 10 11 Peak Build Rating 22 | 6 12 12 22 22 22 Average Rating 15 | 2 10 10 19 21 21 On Entrance 11 | . 6 12 9 22 21 Naked Turns . | . . . . . . Heaviest Build 44 | 3 31 31 44 40 40 Greatest Support 26 | 3 20 20 26 26 26 Greatest Overweight (x) 3 | . 3 2 2 1 1 Average Overweight (x) 1 | . . 1 1 1 1 Largest Inventory Capacity 15 | 5 15 15 15 15 15 Average Capacity 14 | 5 12 15 15 15 15 Most Carried 15 | 5 12 15 15 15 15 Average Carried 13 | 3 8 12 14 15 14 Final Capacity 15 | 5 15 15 15 15 15 Final Carried 15 | 5 12 14 15 15 15 Class Distribution -------------------- 100% | Mutant Dominant Class ---------------- Mutant | -10/Materials Mutant | -10/Mines Mutant | -9/Materials Mutant | -9/Mines Mutant | -9/Exiles Resources | -11 -10 -10 -9 -9 -9 ----------- Run | Yrd Mat Min Mat Min Exi Matter Collected 1213 | 252 190 102 506 12 151 Remotely . | . . . . . . Salvage Created 1311 | 27 324 200 685 75 . Parts 86 | 3 26 13 43 1 . Haulers Intercepted 1 | . . . 1 . . Recyclers Shooed . | . . . . . . Parts Field Recycled . | . . . . . . Retrieved Matter . | . . . . . . Parts Self-Destructed . | . . . . . . Prevented . | . . . . . . Kills | -11 -10 -10 -9 -9 -9 ------- Run | Yrd Mat Min Mat Min Exi Combat Hostiles Destroyed 49 | . 11 7 12 19 . Guns 30 | . 11 7 12 . . AOE 19 | . . . . 19 . Classes Destroyed 8 | 1 3 . 3 1 . Worker 1 | . . . 1 . . Tunneler 2 | 1 . . . 1 . Hauler 1 | . . . 1 . . Watcher 6 | . 2 . 4 . . Swarmer 10 | . 6 3 1 . . Grunt 16 | . 5 4 7 . . Sentry 4 | . . . 4 . . Assembled 19 | . . . . 19 . Best Kill Streak 20 | 1 3 3 2 20 . Combat Bots Only 19 | . 3 3 2 19 . Max Kills in Single Turn 6 | 1 1 1 2 6 . Gunslinging 1 | . . . 1 . . Exploded 6 | . . . . 6 . Melee . | . . . . . . Uniques/NPCs Destroyed . | . . . . . . Combat | -11 -10 -10 -9 -9 -9 -------- Run | Yrd Mat Min Mat Min Exi Hostile Shots Fired 153 | . 54 48 30 15 6 Missed 44 | . 15 14 8 5 2 Hits 109 | . 39 34 22 10 4 Projectile 109 | . 39 34 22 10 4 AOE 4 | . . . . 4 . Critical Strikes 1 | . . 1 . . . Damage Taken 1396 | . 433 386 270 188 119 Core 299 | . 53 122 61 24 39 Absorbed by Shields 138 | . . . 24 72 42 Regen/Repaired (Parts) 38 | . 38 . . . . Core Remaining (%) 65 | 100 . 30 . . . Volleys Fired 144 | 6 54 29 44 11 . Largest 2 | 2 2 2 2 2 . Hottest 50 | 40 40 40 50 50 . Shots Fired 269 | 12 108 46 89 13 1 Gun 259 | 12 108 46 89 4 . Cannon . | . . . . . . Launcher 10 | . . . . 9 1 Special . | . . . . . . Kinetic 259 | 12 108 46 89 4 . Thermal . | . . . . . . Explosive 10 | . . . . 9 1 Electromagnetic . | . . . . . . Robot Hit Streak 13 | 8 13 9 9 2 3 Robot Miss Streak 5 | 1 3 3 5 4 . Penetration Max . | . . . . . . Secondary Targets 2 | . . 1 1 . . Max Gunslinging Chain 1 | . . 1 1 . . Shots Hit Robots 159 | 9 67 33 45 4 1 Core Hits 108 | 2 31 19 22 34 . Critical Kills . | . . . . . . Critical Parts Destroyed 1 | . 1 . . . . Critical Strikes 1 | . 1 . . . . Destroy 1 | . 1 . . . . Melee Attacks . | . . . . . . Impact . | . . . . . . Slashing . | . . . . . . Piercing . | . . . . . . Sneak Attacks . | . . . . . . Combat Hostiles . | . . . . . . Follow-up Attacks . | . . . . . . Damage Inflicted 3066 | 69 560 280 828 1219 110 Guns 1772 | 69 560 280 827 36 . Cannons . | . . . . . . Explosions 1293 | . . . . 1183 110 Melee . | . . . . . . Ramming 1 | . . . 1 . . Kinetic 1772 | 69 560 280 827 36 . Thermal . | . . . . . . Explosive 1293 | . . . . 1183 110 Electromagnetic . | . . . . . . Impact . | . . . . . . Slashing . | . . . . . . Piercing . | . . . . . . Highest Corruption 1 | . . . 1 1 1 Average Corruption 1 | . . . 1 1 1 Corruption Purged . | . . . . . . Corruption Blocked . | . . . . . . Effects 20 | . . . 11 2 7 Message Errors 8 | . . . 7 1 . Matter Fused 4 | . . . 1 1 2 Heat Flow Errors 1 | . . . . . 1 Data Loss (minor) 5 | . . . 2 . 3 Misfires 2 | . . . 1 . 1 Overload Shots . | . . . . . . Overflow Damage 42 | . . . . 42 . Projectiles . | . . . . . . Explosions 42 | . . . . 42 . Melee . | . . . . . . Knockbacks . | . . . . . . Impact . | . . . . . . Kinetic . | . . . . . . Secondary . | . . . . . . Self-Inflicted Damage . | . . . . . . Shots . | . . . . . . Rammed . | . . . . . . Targets Rammed 1 | . . . 1 . . Kicked 1 | . . . 1 . . Crushed . | . . . . . . Highest Temperature 133 | . 22 31 56 12 133 Average Temperature 14 | . 7 8 16 9 72 Received Heat Transfer 459 | . 192 159 94 14 . Siege Activations . | . . . . . . Martial Activations . | . . . . . . Shielding Activations . | . . . . . . Robots Disrupted . | . . . . . . Combat Hostiles . | . . . . . . Robots Corrupted . | . . . . . . Combat Hostiles . | . . . . . . Parts Fried . | . . . . . . Impact Corruptions . | . . . . . . Robots Melted . | . . . . . . Combat Hostiles . | . . . . . . Parts Melted . | . . . . . . Heat Transferred . | . . . . . . Parts Sabotaged . | . . . . . . Parts Stolen . | . . . . . . Parts Stripped . | . . . . . . Power Chain Reactions . | . . . . . . Alert | -11 -10 -10 -9 -9 -9 ------- Run | Yrd Mat Min Mat Min Exi Maximum Alert Level . | . . . . . . Low Security (%) 100 | 100 100 100 100 100 . Level 1 . | . . . . . . Level 2 . | . . . . . . Level 3 . | . . . . . . Level 4 . | . . . . . . Level 5 . | . . . . . . High Security . | . . . . . . Max Security . | . . . . . . Peak Influence 86 | 5 86 75 84 61 . Initial 28 | . . . 2 28 . Average 18 | . 19 14 18 40 . Influence Increases 1009 | 5 310 244 411 39 . Destroy 0b10 Robot/C 640 | . 220 180 240 . . Destroy 0b10 Robot/NC 50 | 5 10 . 30 5 . Destroy Leader 154 | . 44 30 80 . . Allied During Kill 4 | . . 4 . . . Successful Hack 49 | . 21 . 28 . . Disable Machine 15 | . . . 15 . . Destroy Structure 37 | . . . 3 34 . Partial Spotted 15 | . . . 15 . . Lose Combat Pursuer 45 | . 15 30 . . . Influence Decreases 1009 | 5 310 236 345 96 17 Entered New Map 69 | . . . 6 46 17 Time Decay 930 | 5 310 226 339 50 . Lost Part 10 | . . 10 . . . Squads Dispatched 5 | . 1 . 4 . . Investigation 2 | . . . 2 . . Extermination . | . . . . . . Reinforcement 3 | . 1 . 2 . . Assault . | . . . . . . Garrison . | . . . . . . Intercept . | . . . . . . Searches Triggered . | . . . . . . Construction Impeded . | . . . . . . Haulers Reinforced . | . . . . . . Active Scanning Responses . | . . . . . . Cargo Convoy Interrupts . | . . . . . . Stealth | -11 -10 -10 -9 -9 -9 --------- Run | Yrd Mat Min Mat Min Exi Distress Signals 6 | . 1 . 5 . . Communications Jammed . | . . . . . . Distress Signals . | . . . . . . Times Spotted 76 | . 24 10 22 20 . Peak Tracking Total 20 | . 4 3 4 20 11 Tactical Retreats 3 | . 1 2 . . . Traps | -11 -10 -10 -9 -9 -9 ------- Run | Yrd Mat Min Mat Min Exi Traps Triggered 1 | . . . 1 . . Indirectly . | . . . . . . Trap Hack Attempts . | . . . . . . Triggered . | . . . . . . Disarmed . | . . . . . . Reprogrammed . | . . . . . . Reused . | . . . . . . Traps Extracted . | . . . . . . Installed . | . . . . . . Triggered . | . . . . . . Machines | -11 -10 -10 -9 -9 -9 ---------- Run | Yrd Mat Min Mat Min Exi Machines Disabled 1 | . . . 1 . . Max in Single Turn 1 | . . . 1 . . Machines Repaired . | . . . . . . Machines Dismantled . | . . . . . . Machines Sabotaged . | . . . . . . Overloaded Fab Kills . | . . . . . . Hacking | -11 -10 -10 -9 -9 -9 --------- Run | Yrd Mat Min Mat Min Exi Machines Accessed 14 | . 8 . 6 . . Terminals 12 | . 7 . 5 . . Fabricators . | . . . . . . Repair Stations 1 | . 1 . . . . Recycling Units . | . . . . . . Scanalyzers 1 | . . . 1 . . Garrison Access . | . . . . . . Total Hacks 45 | . 18 . 27 . . Successful 21 | . 10 . 11 . . Failed 21 | . 7 . 14 . . Catastrophic 4 | . 3 . 1 . . Database Lockouts 3 | . 1 . 2 . . Manual 13 | . 4 . 9 . . Terminals 36 | . 15 . 21 . . Fabricators . | . . . . . . Repair Stations 3 | . 3 . . . . Recycling Units . | . . . . . . Scanalyzers 6 | . . . 6 . . Garrison Access . | . . . . . . Terminal Hacks 17 | . 8 . 9 . . Record 5 | . 1 . 4 . . Robot Analysis 5 | . 2 . 3 . . Prototype ID Bank 1 | . 1 . . . . Emergency Access Points 1 | . . . 1 . . Alert Level 1 | . . . 1 . . Locate Traps 3 | . 3 . . . . Registered Components 1 | . 1 . . . . Fabricator Hacks . | . . . . . . Repair Station Hacks 2 | . 2 . . . . Scan Component 1 | . 1 . . . . Repair 1 | . 1 . . . . Recycling Unit Hacks . | . . . . . . Scanalyzer 2 | . . . 2 . . Insert Component 1 | . . . 1 . . Analyze 1 | . . . 1 . . Garrison Access Hacks . | . . . . . . Unauthorized Hacks . | . . . . . . Terminals . | . . . . . . Fabricators . | . . . . . . Repair Stations . | . . . . . . Recycling Units . | . . . . . . Scanalyzers . | . . . . . . Garrison Access . | . . . . . . Data Cores Recovered . | . . . . . . Used . | . . . . . . Hacking Detections 13 | . 7 . 6 . . Full Trace Events 1 | . . . 1 . . Feedback Events . | . . . . . . Feedback Blocked . | . . . . . . Robot Schematics Acquired . | . . . . . . Robots Built . | . . . . . . Authchips . | . . . . . . Time . | . . . . . . Total Robot Build Rating . | . . . . . . Part Schematics Acquired 1 | . . . 1 . . Parts Built . | . . . . . . Authchips . | . . . . . . Time . | . . . . . . Total Part Build Rating . | . . . . . . Parts Repaired 1 | . 1 . . . . Time 26 | . 26 . . . . Parts Recycled . | . . . . . . Recycled Matter . | . . . . . . Retrieved Matter . | . . . . . . Retrieved Components . | . . . . . . Parts Scanalyzed 1 | . . . 1 . . Part Schematics Acquired 1 | . . . 1 . . Parts Damaged 1 | . . . 1 . . Bothacking | -11 -10 -10 -9 -9 -9 ------------ Run | Yrd Mat Min Mat Min Exi Used RIF Installer . | . . . . . . Robots Hacked . | . . . . . . Non-combat . | . . . . . . Combat . | . . . . . . Robot Hacks Applied . | . . . . . . Relay Couplers Released . | . . . . . . Fabnet Peak Effective % . | . . . . . . Robots Rewired . | . . . . . . Allies Hacked . | . . . . . . Hacks Repelled . | . . . . . . Allies | -11 -10 -10 -9 -9 -9 -------- Run | Yrd Mat Min Mat Min Exi Total Allies 3 | . . 3 . . . Largest Group 3 | . . 3 2 . . Highest-Rated Group 40 | . . 40 24 . . Highest-Rated Ally 16 | . . 16 16 . . Total Orders . | . . . . . . Ally Attacks 6 | . . 4 2 . . Total Damage 76 | . . 49 27 . . Kills 2 | . . 2 . . . Allies Corrupted . | . . . . . . Allies Melted . | . . . . . . Intel | -11 -10 -10 -9 -9 -9 ------- Run | Yrd Mat Min Mat Min Exi Active Infowar (turns) 1209 | . 1083 126 . . . Terrain 1209 | . 1083 126 . . . Robot Analysis Total 5 | . 2 . 3 . . Derelict Logs Recovered 1 | . . 1 . . . Drone Launches . | . . . . . . Drone Recoveries . | . . . . . . Exploration | -11 -10 -10 -9 -9 -9 ------------- Run | Yrd Mat Min Mat Min Exi Turns Passed 5408 | 50 1117 1044 2588 103 506 Spaces Moved 2490 | 43 584 484 1075 42 262 Core 118 | 43 75 . . . . Treads . | . . . . . . Legs 2372 | . 509 484 1075 42 262 Wheels . | . . . . . . Hover . | . . . . . . Flight . | . . . . . . Fastest Speed 50 | 50 50 190 190 190 190 Average Speed 190 | 50 151 190 217 190 190 Slowest Speed 260 | 50 200 260 260 190 190 Overloaded Moves . | . . . . . . Propulsion Burnouts . | . . . . . . Robots Hopped . | . . . . . . Potential Cave-ins . | . . . . . . Cave-ins Triggered . | . . . . . . Exploration Rate (%) 55 | 4 92 98 93 14 33 Regions Visited 5 Branch Regions 3 Pre-discovered Areas . | . . . . . . Known Exits Taken 1 | . . 1 . . . Unknown Exits Taken 4 | 1 1 . 1 1 . Scrap Searched 1 | . . 1 . . . Spaces Dug . | . . . . . . Terrain Destroyed 70 | . . . . 62 8 Melee . | . . . . . . Projectile . | . . . . . . AOE 70 | . . . . 62 8 Terrain Rammed . | . . . . . . Walls Destroyed . | . . . . . . Machines Disabled . | . . . . . . Actions | -11 -10 -10 -9 -9 -9 --------- Run | Yrd Mat Min Mat Min Exi Total 2957 | 60 735 571 1267 53 271 Wait 193 | . 64 39 90 . . Move 2485 | 42 583 483 1074 41 262 Hop . | . . . . . . Pick Up 56 | 8 17 9 18 . 4 Fast Attach 6 | 1 . . 5 . . Attach 9 | 3 4 2 . . . Detach 1 | . . . 1 . . Swap 21 | . 5 4 10 1 1 Drop 41 | . 8 5 24 . 4 Fire 144 | 6 54 29 44 11 . Melee . | . . . . . . Ram . | . . . . . . Kick 1 | . . . 1 . . Crush . | . . . . . . Escape Stasis . | . . . . . . Rewire . | . . . . . . Trap . | . . . . . . Miscellaneous . | . . . . . . Route ------- -11/Scrapyard -10/Materials (discovered 4 exits: *Mat x3 / [*Min]) -10/Mines (discovered 3 exits: *Mat x2 / [*Sub]) -9/Materials (discovered 4 exits: [*Mat x3] / [*Min]) -9/Mines -9/Exiles (discovered 1 exit: [*Min]) History --------- Turn | Location | Event 8 | -11/Scrapyard | Discovered new exit (range 16) 51 | -11/Scrapyard | Entered Materials 185 | -10/Materials | Central database locked down 222 | -10/Materials | Repaired Lgt. Ion Engine 238 | -10/Materials | Discovered new exit (range 10) 301 | -10/Materials | Build established: Mutant 456 | -10/Materials | Discovered new exit (range 3) 724 | -10/Materials | Discovered new exit (range 15) 957 | -10/Materials | Discovered new exit (range 16) 1168 | -10/Materials | Entered Mines 1177 | -10/Mines | Received a Rocket Launcher from a helpful Derelict 1233 | -10/Mines | Discovered new exit (range 3) 1243 | -10/Mines | Discovered new exit (range 8) 1299 | -10/Mines | Core integrity fell below 50% 1350 | -10/Mines | Identified exit to Materials 2008 | -10/Mines | Assisted by bots powering up and referring to "LRC-V3" 2212 | -10/Mines | Entered Materials 2212 | -9/Materials | Accompanied by 2 allies 2212 | -9/Materials | Evolved 2 slots: Utility x2 2773 | -9/Materials | Discovered new exit (range 16) 3509 | -9/Materials | Discovered new exit (range 12) 3643 | -9/Materials | Central database locked down 3655 | -9/Materials | Central database locked down 4109 | -9/Materials | Discovered new exit (range 12) 4408 | -9/Materials | Discovered new exit (range 9) 4800 | -9/Materials | Entered Mines 4801 | -9/Mines | Assembled infested the area 4835 | -9/Mines | Discovered new exit (range 16) 4850 | -9/Mines | Destroyed 19 combat bots 4903 | -9/Mines | Entered Exiles 4928 | -9/Exiles | Discovered new exit (range 15) 4966 | -9/Exiles | Met 8R-AWN 5279 | -9/Exiles | Met EX-HEX 5400 | -9/Exiles | Attacked by the Exiles 5409 | -9/Exiles | Self-destructed Last Messages --------------- Anyway, I've got to get back to poking and prodding these nasty little guys. Go see BIN. I can't imagine you'll want to stay in our boring little cave for long, and we could use some help with the project in the back. Z6-0GW(z): I was there on that fateful day we tested the Lightpack 1.0. It was such a good haul, too, only to see JA-CK9 crushed like a forgotten microchip... 05345_ Extracted 4 energy. 05349_ Extracted 100 matter. 05351_ Extracted 51 matter. 05353_ Acquired Med. Matter Pod. 05355_ System corrupted: Component data lost. 05357_ Extracted 4 energy. 05400_ System corrupted: FCS attempts to trigger Rocket Launcher. 05400_ System corrupted: Rocket Launcher misfires. 05400_ EXILES: Hostile robot within lab perimeter. Defensive protocols time, folks! 05403_ Machine disabled. 05407_ Knocked back. 05409_ Lgt. Armor Plating destroyed. Map ----- +----------------------------------------------------+ | ?????????????????????????????????????????????????? | | ?????????????????????????????????????????????????? | | ?????????????????????????????????????????????????? | | ?????????????????????????????????????????????????? | | ?????????????????????????????????????????????????? | | ?????????????????????????????????????????????????? | | ???????????????????????????????????????????????""" | | ????????????????????????????????????????? " ?"" " | | ??????????????????????????????????????? "" | | ?????????????????????????????????????? " | | ????????????????????????????????????? | | ???????????????????????????????????? | | ???????????????????????????????????? | | ???????????????? ?????????????????? | | ?????????????? ?????????????????? | | ?????????????? ????????????????""" | | ????????????? ???????????????#""" | | ????????????? ""??###?##??????#"""" | | ???????????? "?? ## #?????##"" | | ???????????? ### #??####"""" | | ???????????? # aaa####""" | | ??????????? """" | | ??????????? | | ???????????" % | | ?????????? % " | | ?????????? @ " "" """ | | ???????????"" "## ##""" " " ""#" | | ??????????" ""#### ######""" """##" | | ??????????? """"##??# #????###""""#### | | ???????????" """#??## ####???######??? | | ???????????? c ""##??#! " #???????????? | | ???????????? """##???#" !#???????????? | | ????????????"" #?????#" "#???????????? | | ?????????????""" #??????#!!""!"#???????????? | | ?????????????? ???????########???????????? | | ??????????????#### ?????????????????????????????? | | ?????????????????????????????????????????????????? | | ?????????????????????????????????????????????????? | | ?????????????????????????????????????????????????? | | ?????????????????????????????????????????????????? | | ?????????????????????????????????????????????????? | | ?????????????????????????????????????????????????? | | ?????????????????????????????????????????????????? | | ?????????????????????????????????????????????????? | | ?????????????????????????????????????????????????? | | ?????????????????????????????????????????????????? | | ?????????????????????????????????????????????????? | | ?????????????????????????????????????????????????? | | ?????????????????????????????????????????????????? | | ?????????????????????????????????????????????????? | +----------------------------------------------------+ Best States ------------- Heat Dissipation 28 Energy Generation 14 Energy Capacity 280 Matter Stores 300 Matter Capacity 300 Sight Range 16 Terrain Scan Range 16 Terrain Scan Density 10 Armor Coverage 375 Evasion (%) 55 Targeting Accuracy 6 Item Schematics ----------------- Minigun | -9/Materials | Scanalyzed Robot Schematics ------------------ None Fabricated ------------ Nothing Repaired ---------- Lgt. Ion Engine | 5% | -10/Materials Alien Tech Used ----------------- None Achievements -------------- None Challenges ------------ None Game ------ Seed LinkedSpikedSplitter Manual? 0 Play Time 00:26:07 Cumulative 194.8 hours Start 2025.09.30 @ 18:10:41 End 2025.09.30 @ 18:43:47 Sessions 1 Manual Loads 0 Difficulty Rogue Special Mode None Game No. 311 Rogue 308 Adventurer 3 Explorer 0 Win Type - Total 1 Types 1/0/0/0/0/0/0/0/0/0 Lore% 65 Gallery% 60 Achievement% 47 Wizard Run 0 Options --------- Layout 0 ASCII 0 Keyboard 0 Movement Mouse Keybinds 0 Fullscreen 2 Font 18/SmallcapsGlow Map View 76x50 Zoom Use 0% Tactical HUD 1 Map Filters NONE Filters NONE Steam 1 RUN: ef6e81de-827b-4a50-a877-32363407f561